 Dungeon Crawl Stone Soup version 0.16.1-18-g436b03c (webtiles) character file.

49 Leviathan2552 the Caller (level 3, 0/20 HPs)
             Began as a Tengu Summoner on May 2, 2015.
             Slain by an adder (2 damage)
             ... on level 2 of the Dungeon.
             The game lasted 00:10:48 (1958 turns).

Leviathan2552 the Caller (Tengu Summoner)           Turns: 1958, Time: 00:10:48

Health: 0/20       AC:  2    Str:  8    XL:     3   Next: 75%
Magic:  7/7        EV: 13    Int: 16    God:
Gold:   64         SH:  0    Dex: 14    Spells: 2 memorised, 3 levels left

rFire  . . .     SeeInvis .     i - +0 spear
rCold  . . .     Clarity  .     a - +0 robe
rNeg   . . .     SustAb   .     (no shield)
rPois  .         Gourm    .     (helmet restricted)
rElec  .         Spirit   .     (no cloak)
rCorr  .         Warding  .     (no gloves)
rMut   .         Stasis   .     (boots unavailable)
MR     .....                    (no amulet)
Stlth  ++........               (no ring)
                                (no ring)

@: not resistant to hostile enchantments, unstealthy
A: beak, talons 3
a: no special abilities


You were on level 2 of the Dungeon.
You were not hungry.

You visited 1 branch of the dungeon, and saw 2 of its levels.

You collected 64 gold pieces.

Inventory:

Hand weapons
 i - a +0 spear (weapon)
Armour
 a - a +0 robe (worn)
Scrolls
 f - a scroll of fog {unknown}
 h - 4 scrolls of identify {unknown}
 k - a scroll of remove curse {unknown}
 o - a scroll of enchant armour {unknown}
Potions
 d - a potion of might {unknown}
 e - 2 potions of curing {unknown}
 j - a potion of mutation {unknown}
 l - a potion of ambrosia {unknown}
 m - a potion of flight {unknown}
Books
 b - a book of Callings

   Spells                             Type                      Level
   a - Summon Small Mammal            Summoning                    1
   b - Call Imp                       Summoning                    2
   c - Call Canine Familiar           Summoning                    3
   d - Summon Guardian Golem          Hexes/Summoning              4
   e - Summon Lightning Spire         Summoning/Air                4
   f - Summon Ice Beast               Ice/Summoning                4
Comestibles
 c - 2 bread rations
 g - 5 fruits
 n - 4 chunks of flesh


   Skills:
 * Level 1.2 Fighting
 * Level 1.3 Polearms
 + Level 2.4 Dodging
 - Level 2.0 Stealth
 + Level 2.2 Spellcasting
 * Level 5.4 Summonings


You had 3 spell levels left.
You knew the following spells:

 Your Spells              Type           Power        Failure   Level  Hunger
a - Summon Small Mammal   Summ           ###.         1%          1    #......
b - Call Imp              Summ           ###.....     3%          2    ###....


Dungeon Overview and Level Annotations

Branches:
Dungeon (2/15)

Altars:
Ashenzari
Zin

Shops:
D:2 *


Innate Abilities, Weirdness & Mutations

You have a beak for a mouth.
You have claws for feet.


Message History

You barely miss the adder. The bat closely misses you. The adder bites you.
A goblin comes into view.
You closely miss the adder. You claw the adder.
The adder is lightly wounded.
The giant mite barely misses you. The adder closely misses you.
You hit the adder but do no damage.
The adder is lightly wounded.
The adder closely misses you. The giant mite bites you.
The hobgoblin closely misses you. The adder barely misses you.
You hit the adder. You claw the adder.
The adder is moderately wounded.
The giant mite bites you.
* * * LOW HITPOINT WARNING * * *
The adder bites you.
* * * LOW HITPOINT WARNING * * *
The hobgoblin barely misses you. The adder misses you.
The bat hits you but does no damage. The bat barely misses you.
The adder bites you.
You die...

...#.#
#........############
.###.# #.#####.##
#_## .# #.# #.# #.#
...8# .# #.# #.. #.#
....# .# #.#
####.####.# ....8# .
#.. ..........###
....# ............#
...8 .# ###.####.#.#
. .# # #@#.##### ##
#bS.....# ##s..#####
#..g.# #.#g.#
#.#..#######
..#.........
#.......#######
#.........


You could see an adder, a giant mite, a hobgoblin, a goblin and a bat.

Vanquished Creatures
  A giant cockroach (D:1)
  6 goblins
  4 hobgoblins (D:1)
  6 kobolds (D:1)
  3 bats (D:1)
  A giant newt (D:1)
  3 quokkas
  4 rats
28 creatures vanquished.

Vanquished Creatures (collateral kills)
  3 worms (D:2)
  A goblin (D:2)
  A bat (D:2)
  2 giant newts (D:1)
  4 kobolds
  A rat (D:1)
12 creatures vanquished.

Vanquished Creatures (others)
  A rat (D:1)
1 creature vanquished.

Grand Total: 41 creatures vanquished

Notes
Turn   | Place    | Note
--------------------------------------------------------------
     0 | D:1      | Leviathan2552, the Tengu Summoner, began the quest for the Orb.
     0 | D:1      | Reached XP level 1. HP: 10/10 MP: 3/3
    65 | D:1      | Reached skill level 5 in Summonings
   122 | D:1      | Reached XP level 2. HP: 12/15 MP: 5/5
   255 | D:1      | Learned a level 2 spell: Call Imp
   580 | D:1      | Reached XP level 3. HP: 11/20 MP: 7/7
   836 | D:1      | Reached skill level 1 in Fighting
   846 | D:2      | Found Zin's Purification Station.
   847 | D:2      | Found a glowing silver altar of Zin.
   857 | D:2      | HP: 1/20 [kobold/short sword (4)]
   860 | D:2      | Reached skill level 1 in Polearms
  1343 | D:2      | HP: 1/20 [worm (11)]
  1921 | D:2      | Found a shattered altar of Ashenzari.
  1958 | D:2      | Slain by an adder

Action                   || total
-------------------------++-------
Melee: Spear             ||    99
       Unarmed           ||     2
 Cast: Summon Small Mamm ||     7
       Call Imp          ||     8
 Stab: Distracted        ||     2
       Sleeping          ||     4
  Eat: Bread ration      ||     1
